 Dungeon Sprint DCSS version 0.16.1-28-gcc2312f (webtiles) character file.

2 Kidiri the Caller (level 1, -6/10 HPs)
             Began as a Deep Elf Summoner on May 29, 2015.
             Was an Initiate of Sif Muna.
             Mangled by a gnoll
             ... wielding a +0 spear
              (11 damage)
             ... in the Dungeon (Sprint VII: "The Pits").
             The game lasted 00:01:23 (89 turns).

Kidiri the Caller (Deep Elf Summoner)                 Turns: 89, Time: 00:01:23

Health: -6/10      AC:  2    Str:  5    XL:     1   Next: 25%
Magic:  0/5        EV: 13    Int: 19    God:    Sif Muna [......]
Gold:   0          SH:  0    Dex: 15    Spells: 1 memorised, 6 levels left

rFire  . . .     SeeInvis .     p - +2 dagger
rCold  . . .     Clarity  .     a - +0 robe
rNeg   . . .     SustAb   .     (no shield)
rPois  .         Gourm    .     (no helmet)
rElec  .         Spirit   .     (no cloak)
rCorr  .         Warding  .     (no gloves)
rMut   .         NoTele   +     (no boots)
MR     .....                    (no amulet)
Stlth  ++........               (no ring)
                                (no ring)

@: not resistant to hostile enchantments, unstealthy
A: no striking features
a: Renounce Religion


You were in the Dungeon.
You worshipped Sif Muna.
Sif Muna was noncommittal.
You were not hungry.

You visited 1 branch

Inventory:

Hand weapons
 p - a +2 dagger (weapon)
Armour
 a - a +0 robe (worn)
Scrolls
 i - a scroll of blinking
 m - 3 scrolls of remove curse
 n - 5 scrolls of amnesia
 o - a scroll of summoning
Potions
 d - a potion of curing
 e - a potion of heal wounds
 f - a potion of haste
 g - 4 potions of magic
 h - 3 potions of berserk rage
 l - 2 potions of invisibility
Books
 b - a book of Callings

   Spells                             Type                      Level
   a - Summon Small Mammal            Summoning                    1
   b - Call Imp                       Summoning                    2
   c - Call Canine Familiar           Summoning                    3
   d - Summon Guardian Golem          Hexes/Summoning              4
   e - Summon Lightning Spire         Summoning/Air                4
   f - Summon Ice Beast               Ice/Summoning                4
Comestibles
 c - 8 bread rations
 j - 40 fruits
 k - 7 meat rations


   Skills:
 - Level 2.4 Dodging
 - Level 2.4 Stealth
 + Level 3.8 Spellcasting
 + Level 4.8 Summonings


You had 6 spell levels left.
You knew the following spells:

 Your Spells              Type           Power        Failure   Level  Hunger
a - Summon Small Mammal   Summ           ###.         1%          1    None


Dungeon Overview and Level Annotations

Branches:
Dungeon (1/1)

Altars:
Ashenzari
Cheibriados
Dithmenos
Elyvilon
Fedhas
Kikubaaqudgha
Makhleb
Nemelex Xobeh
Okawaru
Ru
Sif Muna
Trog
Vehumet
Xom
Yredelemnul
Zin
The Shining One
Beogh
Jiyva
Lugonu


Message History

w - Wait here. f - Follow me.
Anything else - Stay silent.
Gang up on whom?
Press: ? - help, Dir - move target cursor, f - gnoll
Aim: a gnoll, wielding a spear Attack!
Your rat bites the gnoll but does no damage.
The gnoll closely misses your quokka.
Your rat bites the gnoll but does no damage.
Your quokka bites the gnoll but does no damage.
The gnoll hits your quokka with a spear.
Your quokka dies!
Your quokka's corpse disappears in a puff of smoke!
Casting: Summon Small Mammal
Confirm with . or Enter, or press ? or * to list all spells.
Your rat bites the gnoll.
Your rat bites the gnoll.
The gnoll hits you from afar with a spear!
Ouch! That really hurt!
You die...

############ #__________#
#__________#
#.#####'##############++
#).)'.'..##...........
#)))#.#?(##......#..#.
#######r#####............
#.......@...)............
#+#####(#####......#..#..
#.g#..##............
+.rb..#####'#####++#
####+###.......#
#.......# #.......#
#...<...# #.......#


You could see a gnoll, a friendly quokka and a friendly rat.

Vanquished Creatures (collateral kills)
  A goblin (D)
  2 kobolds (D)
3 creatures vanquished.

Vanquished Creatures (others)
  A bat (D)
  2 quokkas (D)
  A rat (D)
4 creatures vanquished.

Grand Total: 7 creatures vanquished

Notes
Turn   | Place    | Note
--------------------------------------------------------------
     0 | D        | Kidiri, the Deep Elf Summoner, began the quest for the Orb.
     0 | D        | Reached XP level 1. HP: 10/10 MP: 5/5
    49 | D        | Found a sacrificial altar of Ru.
    49 | D        | Found a basalt altar of Yredelemnul.
    49 | D        | Found a shadowy altar of Dithmenos.
    49 | D        | Found a deep blue altar of Sif Muna.
    49 | D        | Found a burning altar of Makhleb.
    49 | D        | Found a shimmering altar of Xom.
    49 | D        | Found an ancient bone altar of Kikubaaqudgha.
    49 | D        | Found a sparkling altar of Nemelex Xobeh.
    50 | D        | Found a glowing golden altar of the Shining One.
    50 | D        | Found a bloodstained altar of Trog.
    50 | D        | Found a shattered altar of Ashenzari.
    50 | D        | Found a white marble altar of Elyvilon.
    50 | D        | Found a snail-covered altar of Cheibriados.
    50 | D        | Found a blossoming altar of Fedhas.
    50 | D        | Found a radiant altar of Vehumet.
    50 | D        | Found a glowing silver altar of Zin.
    50 | D        | Found a corrupted altar of Lugonu.
    50 | D        | Found a viscous altar of Jiyva.
    50 | D        | Found a roughly hewn altar of Beogh.
    50 | D        | Found an iron altar of Okawaru.
    53 | D        | Became a worshipper of Sif Muna the Loreminder
    89 | D        | Mangled by a gnoll

Action                   || total
-------------------------++-------
 Cast: Summon Small Mamm ||     9
